Map: Ephemeron LE

Players

lastfewdays

  • Race: Protoss Protoss
  • Spawn Location: 11:00

Fatalmpulse - Winner!

  • Race: Terran Terran
  • League: Master
  • Spawn Location: 5:00

VOD

Have the link to the VOD?

Description

Time

  • Played on: Dec. 26, 2019, 6:17 p.m.
  • Length: 13:40
Show
View Real Time Build Order
Export as new Build Order

lastfewdays Protoss 

Build Orders: 1 Gate Expand, Phoenix Opening, Blink Stalkers 

Get SALT Encoding   

  12  0:01  Probe  
  13  0:13  Probe  
  14  0:19  Pylon  
  14  0:25  Probe (Chrono Boost)  
  15  0:38  Probe (Chrono Boost)  
  15  0:41  Gateway  
  16  0:45  Probe (Chrono Boost)  
  17  0:52  Assimilator  
  17  0:53  Probe  
  18  1:05  Probe  
  19  1:17  Probe  
  20  1:35  Cybernetics Core  
  20  1:38  Probe  
  21  1:40  Nexus  
  21  1:46  Pylon  
  21  1:52  Assimilator  
  21  1:53  Probe  
  22  2:06  Probe  
  23  2:09  Adept (Chrono Boost)  
  23  2:12  Warp Gate  
  25  2:18  Probe  
  26  2:30  Probe  
  26  2:32  Sentry (Chrono Boost)  
  28  2:42  Probe (Chrono Boost)  
  29  2:51  Twilight Council  
  29  2:53  Probe (Chrono Boost), Stalker (Chrono Boost)  
  33  3:00  Probe (Chrono Boost)  
  33  3:03  Probe (Chrono Boost)  
  34  3:07  Probe (Chrono Boost)  
  34  3:08  Probe (Chrono Boost)  
  36  3:13  Gateway  
  36  3:17  Phoenix  
  36  3:18  Probe  
  37  3:20  Probe  
  37  3:22  Stalker  
  37  3:24  Blink (Chrono Boost)  
  40  3:31  Probe  
  40  3:32  Probe  
  42  3:34  Pylon  
  42  3:41  Shield Battery  
  42  3:43  Probe  
  42  3:44  Probe  
  44  3:50  Robotics Facility  
  44  3:55  Probe  
  45  3:56  Probe  
  46  4:06  Pylon  
  46  4:08  Probe x2  
  48  4:14  Assimilator  
  48  4:25  Stalker x2  
  48  4:27  Probe x2  
  48  4:31  Nexus  
  54  4:35  Pylon  
  54  4:41  Observer (Chrono Boost)  
  54  4:42  Probe x2  
  57  4:46  Pylon x2  
  57  4:52  Stalker x2  
  57  4:57  Probe x2  
  57  4:59  Forge  
  63  5:07  Observer (Chrono Boost)  
  63  5:09  Probe x2  
  66  5:16  Charge  
  67  5:21  Probe x2  
  67  5:28  Protoss Ground Armor Level 1 (Chrono Boost)  
  68  5:33  Probe x2  
  70  5:37  Immortal  
  70  5:42  Gateway x2  
  74  5:46  Gateway  
  74  5:49  Gateway  
  74  5:52  Gateway  
  74  5:54  Gateway  
  74  5:56  Probe x3  
  77  6:10  Probe x3  
  76  6:11  Pylon  
  76  6:16  Stalker  
  76  6:17  Stalker  
  80  6:23  Templar Archives, Immortal (Chrono Boost)  
  87  6:25  Assimilator  
  84  6:37  Shield Battery  
  84  6:38  Shield Battery  
  84  6:42  Gateway x2  
  82  6:55  Zealot x5  
  82  6:56  Zealot x3  
  71  7:17  Zealot x6  
  71  7:18  Zealot x2  
  83  7:27  Probe x3  
  83  7:28  Protoss Ground Weapons Level 1 (Chrono Boost)  
  86  7:38  Warp Prism (Chrono Boost)  
  86  7:39  Probe  
  86  7:40  Probe  
  90  7:49  Sentry  
  92  7:53  Pylon  
  92  7:55  Pylon  
  92  7:56  Pylon x2  
  92  7:58  Photon Cannon  
  92  7:59  Probe, Photon Cannon  
  92  8:03  Pylon  
  93  8:05  Pylon  
  93  8:11  Probe x2  
  95  8:17  Nexus  
  95  8:19  Pylon  
  95  8:27  Stalker  
  95  8:28  Stalker x4  
  95  8:31  Sentry  
  89  8:59  Probe  
  89  9:00  Probe x2  
  92  9:10  Gateway  
  92  9:12  Probe x3  
  92  9:13  Gateway  
  92  9:14  Gateway x2  
  95  9:17  Gateway  
  95  9:27  Zealot x8  
  95  9:28  Zealot x2  
  105  9:51  Zealot  
  105  9:52  Zealot x7  
  113  9:53  Zealot x2  
  121  10:18  Stalker  
  121  10:19  Stalker x3  
  121  10:20  Zealot x3  
  121  10:21  Zealot x3  
  139  10:43  Zealot  
  139  10:44  Zealot x3  
  139  10:45  Zealot  
  139  10:46  Zealot x2  
  139  10:47  Zealot  
  87  11:05  Zealot x5  
  87  11:06  Zealot x2  
  101  11:15  Stalker  
  99  11:31  Sentry  
  99  11:32  High Templar x4, Nexus  
  107  11:40  Archon x2  
  104  11:47  High Templar x2  
  91  11:59  High Templar x2  
  79  12:16  Stalker x2  
  79  12:17  Stalker x2  
  81  12:34  Archon  
  69  12:40  Stalker  
  69  12:41  Stalker  
  70  12:51  Sentry x3  
Show
View Real Time Build Order
Export as new Build Order

Fatalmpulse Terran - Winner!

Build Orders: Reaper Expand 

Get SALT Encoding   

  12  0:00  SCV  
  13  0:12  SCV  
  14  0:17  Supply Depot  
  14  0:24  SCV  
  15  0:38  SCV  
  15  0:40  Barracks  
  16  0:44  Refinery  
  16  0:51  SCV  
  17  1:03  SCV  
  18  1:15  SCV  
  19  1:27  Reaper  
  19  1:28  Orbital Command  
  20  1:56  Command Center, SCV  
  20  1:58  Supply Depot  
  21  2:02  Marine  
  22  2:08  SCV  
  22  2:15  Factory  
  23  2:20  SCV  
  23  2:21  Barracks Reactor  
  24  2:26  Refinery  
  24  2:43  Bunker, SCV  
  24  2:56  SCV  
  24  2:57  Marine x2  
  27  3:01  Starport  
  27  3:03  Widow Mine  
  29  3:08  SCV  
  29  3:10  Orbital Command  
  30  3:15  Marine x2  
  32  3:20  SCV  
  32  3:24  Widow Mine  
  35  3:32  SCV  
  36  3:37  Medivac  
  36  3:38  SCV  
  39  3:44  Barracks, SCV  
  40  3:49  Factory Tech Lab  
  40  3:50  Supply Depot, SCV  
  40  3:54  Marine x2  
  43  3:56  SCV  
  43  4:01  Engineering Bay  
  45  4:02  SCV  
  45  4:08  SCV  
  46  4:16  Factory Tech Lab, Raven, Marine x2  
  50  4:18  SCV  
  50  4:20  SCV  
  52  4:24  Supply Depot  
  52  4:27  Refinery  
  52  4:30  SCV  
  53  4:32  SCV  
  54  4:39  Terran Infantry Weapons Level 1  
  54  4:45  Marine x2, Supply Depot, SCV x2  
  54  4:46  Supply Depot, Factory Reactor  
  54  4:50  Marauder  
  60  4:56  Stimpack  
  60  4:58  SCV x2  
  62  5:06  Marine x2  
  64  5:10  SCV  
  64  5:11  Marauder  
  64  5:13  SCV  
  68  5:16  Supply Depot  
  68  5:17  Supply Depot  
  68  5:22  SCV  
  68  5:24  Marine x2  
  68  5:25  Barracks  
  68  5:26  SCV  
  72  5:31  Factory Reactor  
  72  5:32  Marauder  
  74  5:36  Medivac x2  
  74  5:38  SCV  
  74  5:39  SCV  
  74  5:41  Supply Depot  
  74  5:42  Marine x2, Supply Depot  
  82  5:52  SCV x2  
  82  5:54  Marauder  
  86  5:59  Refinery, Marine x2  
  84  6:19  Marauder x2, Marine x2  
  84  6:21  SCV x2  
  84  6:23  Combat Shield  
  84  6:24  Supply Depot  
  92  6:33  Command Center, SCV x2  
  92  6:34  Terran Infantry Armor Level 1, Supply Depot  
  92  6:36  Concussive Shells  
  94  6:40  Barracks  
  94  6:41  Barracks  
  94  6:42  Marine x2  
  94  6:46  SCV x2  
  98  6:47  Supply Depot  
  97  6:58  SCV  
  93  7:13  Marine  
  93  7:14  Marauder x2, Medivac x2, Marine  
  94  7:21  Command Center  
  88  7:31  Marine x2, Supply Depot  
  88  7:35  Marauder x2  
  92  7:47  Supply Depot  
  92  7:48  Barracks Tech Lab  
  92  7:49  Marine x2  
  94  7:53  Armory  
  94  7:54  Engineering Bay  
  94  7:57  Marauder x2  
  98  8:05  Marine x2  
  98  8:07  Medivac x2, Marine x2  
  98  8:12  Marine  
  107  8:15  Supply Depot  
  107  8:17  Supply Depot  
  107  8:18  Marauder x2, SCV x2  
  113  8:23  Marine x2  
  113  8:25  Marine x2  
  117  8:30  Marauder, SCV  
  117  8:31  SCV  
  120  8:39  Marauder x2  
  116  8:41  Marine x2  
  116  8:42  Marine  
  112  8:52  Marauder  
  111  8:58  Marine  
  111  8:59  Marine x2  
  111  9:00  Marine  
  111  9:01  Marauder x2  
  117  9:07  Command Center  
  117  9:10  SCV x2  
  117  9:12  Marine  
  117  9:16  Marine  
  121  9:17  Marine x2, Terran Infantry Weapons Level 2  
  121  9:18  Terran Infantry Armor Level 2, Marine  
  121  9:22  Marauder x2  
  121  9:23  Orbital Command  
  128  9:31  Marauder  
  130  9:35  Marine x3  
  130  9:36  Medivac x2, Marine  
  138  9:44  Marauder x2  
  140  9:52  Marine x3  
  135  9:53  Marine  
  135  9:54  Marine  
  136  10:02  SCV x3  
  136  10:05  Marauder x2  
  136  10:06  Medivac x2  
  147  10:10  Marauder, Marine x3  
  147  10:12  Marine  
  153  10:14  SCV x2  
  153  10:15  SCV  
  156  10:26  Marauder x2  
  158  10:28  Marine x3  
  158  10:29  Marine  
  158  10:31  Marauder  
  158  10:32  Orbital Command  
  147  10:45  Medivac x2  
  147  10:46  Marine x3  
  147  10:47  Marine  
  147  10:48  Marauder x2  
  152  10:53  Marauder  
  137  11:00  Orbital Command  
  137  11:04  Marine x3  
  129  11:05  Orbital Command, Marine  
  129  11:09  Marauder x2  
  135  11:14  Marauder  
  135  11:15  Medivac x2  
  141  11:22  Marine x3  
  141  11:23  Marine  
  145  11:30  Marauder  
  145  11:31  Marauder  
  149  11:35  Marine  
  149  11:39  Marine x2  
  150  11:40  Marine  
  150  11:41  Marine  
  150  11:45  Medivac  
  156  11:52  Marauder x2  
  156  11:53  Marine  
  160  11:57  Marine x3  
  160  11:58  Marine  
  148  12:11  Marauder, Medivac  
  148  12:13  Marauder, Marine  
  148  12:15  Marine x3  
  153  12:16  Marine  
  138  12:25  Medivac  
  130  12:31  Marauder  
  130  12:33  Marauder, Marine x3  
  130  12:34  Marine  
  130  12:35  Marauder  
  140  12:39  Command Center  
  138  12:51  Marine x3  
  134  12:52  Marine  
  134  12:53  Marauder  
  134  12:54  Marauder  
  134  12:56  Marauder  
  142  13:04  Barracks  
  142  13:06  Barracks  
  142  13:07  Barracks  
  142  13:08  Marine x2  
  142  13:09  Marine  
  142  13:10  Marine  
  146  13:14  Marauder  
  146  13:15  Marauder  
  146  13:17  Marauder  
  144  13:31  Refinery  
  144  13:32  Refinery  
Tags
 
Add a new tag
Caveats
  • Supply blocks, unpowered buildings, or Contaminate may cause inaccurate times.
  • Supply counts are checked every 10 seconds.